 Dungeon Crawl Stone Soup version 0.18.1-50-g88ac8fd (webtiles) character file.

265 Gargoyl the Distorting Demonspawn (level 5, -8/43 HPs)
             Began as a Demonspawn Abyssal Knight on Oct 7, 2016.
             Was a Believer of Lugonu.
             Mangled by an ogre
             ... wielding a +0 giant spiked club
              (25 damage)
             ... on level 4 of the Dungeon.
             The game lasted 00:05:39 (2559 turns).

Gargoyl the Distorting Demonspawn (DsAK)            Turns: 2559, Time: 00:05:40

Health: -8/43      AC: 10    Str: 13    XL:     5   Next: 99%
Magic:  8/8        EV:  1    Int: 13    God:    Lugonu [**....]
Gold:   205        SH:  0    Dex: 13    Spells: 0 memorised, 4 levels left

rFire  . . .     SeeInvis .     a - +1 hand axe
rCold  . . .     Gourm    .     g - +0 chain mail
rNeg   . . .     Faith    .     (no shield)
rPois  +         Spirit   .     (no helmet)
rElec  .         Dismiss  .     (no cloak)
rCorr  .         Reflect  .     (no gloves)
SustAt .         Harm     .     (no boots)
MR     .....                    (no amulet)
Stlth  ..........               (no ring)
                                e - ring of poison resistance

@: not resistant to hostile enchantments, extremely unstealthy
A: talons 1, rugged brown scales 1, demonic guardian 1, powered by death 1
a: Depart the Abyss, Bend Space, Renounce Religion


You were on level 4 of the Dungeon.
You worshipped Lugonu.
Lugonu was pleased with you.
You were not hungry.

You visited 1 branch of the dungeon, and saw 4 of its levels.
You visited the Abyss 1 time.

You collected 205 gold pieces.

Inventory:

Hand Weapons
 a - a +1 hand axe (weapon)
Missiles
 l - 5 tomahawks (quivered)
Armour
 g - a +0 chain mail (worn)
Jewellery
 e - a ring of poison resistance (left hand)
Scrolls
 d - a scroll of recharging {unknown}
 f - a scroll of remove curse {unknown}
 h - 2 scrolls of magic mapping {unknown}
 i - 7 scrolls of identify {unknown}
 n - a scroll of teleportation {unknown}
 q - a scroll of enchant armour {unknown}
 s - a scroll of enchant weapon {unknown}
 t - a scroll of amnesia {unknown}
Potions
 b - 2 potions of curing {unknown}
 j - a potion of invisibility {unknown}
 k - a potion of magic {unknown}
 o - a potion of heal wounds {unknown}
 p - a potion of cancellation {unknown}
Comestibles
 c - a bread ration
 r - 2 meat rations


   Skills:
 + Level 3.8 Fighting
 + Level 2.7 Axes
 + Level 0.3 Throwing
 * Level 3.8 Armour
 + Level 1.6 Dodging
 * Level 4.1 Invocations


You had 4 spell levels left.
You didn't know any spells.

Dungeon Overview and Level Annotations

Branches:
Dungeon (4/15)
 Temple: D:4-7

Altars:
Cheibriados
Pakellas
Sif Muna
Xom


Innate Abilities, Weirdness & Mutations

You have sharp toenails.
You are partially covered in rugged brown scales (AC +1, +3% HP).
A weak demonic guardian rushes to your aid.
You regenerate a little health from kills.


Message History

Your quasit bites the ogre.
Your quasit barely misses the ogre. x2
The ogre hits your quasit with a giant spiked club!!
Your quasit dies!
There is a stone staircase leading up here.
You climb upwards.
There is a stone staircase leading down here.
You start resting.
Eating a chunk of flesh.
This raw flesh tastes terrible.
You continue eating. x2
HP restored.
Drink which item? (? for menu, Esc to quit)
Okay, then.
There is a stone staircase leading down here.
You climb downwards.
The ogre hits you with a giant spiked club!!
Ouch! That really hurt!
There is a stone staircase leading up, spattered with blood here.
The ogre hits you with a giant spiked club!!
Ouch! That really hurt!
You die...

... #..# #.. ..## .. #..#
##### #.###..#
##...#########
#.gO.#g####.............
#.g#.#..##..............
.....#.##.##..............
#......#.##O.##.........>...
.........##@.#..(.....<.....
..........##................
.......... #.5..............
.......... ##..###.........#
#.## ######..### ### ####


You could see an ogre, a gnoll and a friendly iron imp.

Vanquished Creatures
  A sky beast (D:4)
  2 hounds
  6 adders
  2 worms (D:3)
  A dart slug (D:2)
  9 giant geckos
  An orc (D:3)
  4 goblins
  7 hobgoblins
  3 jackals (D:2)
  6 bats
  3 giant newts
  6 kobolds
  9 rats
60 creatures vanquished.

Vanquished Creatures (collateral kills)
  A scorpion (D:3)
  A bat (D:3)
2 creatures vanquished.

Vanquished Creatures (others)
  An orange crystal statue (D:3)
1 creature vanquished.

Grand Total: 63 creatures vanquished

Notes
Turn   | Place    | Note
--------------------------------------------------------------
     0 | Abyss:1  | Gargoyl the Demonspawn Abyssal Knight began the quest for the Orb.
     0 | Abyss:1  | Reached XP level 1. HP: 18/18 MP: 2/2
    50 | Abyss:2  | Noticed an ancient zyme
    61 | Abyss:2  | Noticed a chaos spawn
    63 | D:1      | Escaped the Abyss
   195 | D:1      | Reached * piety under Lugonu
   267 | D:1      | Reached skill level 1 in Dodging
   367 | D:1      | Gained mutation: A weak demonic guardian rushes to your aid. [demonic ancestry]
   367 | D:1      | Reached XP level 2. HP: 24/24 MP: 4/4
   720 | D:2      | Reached skill level 3 in Invocations
   820 | D:2      | Gained mutation: You regenerate a little health from kills. [demonic ancestry]
   820 | D:2      | Reached XP level 3. HP: 29/29 MP: 5/5
   879 | D:2      | Found a shimmering altar of Xom.
  1282 | D:2      | Gained mutation: You are partially covered in rugged brown scales (AC +1, +3% HP). [demonic ancestry]
  1282 | D:2      | Reached XP level 4. HP: 26/36 MP: 6/6
  1491 | D:2      | Found a deep blue altar of Sif Muna.
  1543 | D:2      | Reached ** piety under Lugonu
  1560 | D:3      | Gained mutation: You have sharp toenails. [demonic ancestry]
  1560 | D:3      | Reached XP level 5. HP: 18/42 MP: 7/7
  1728 | D:3      | Found a snail-covered altar of Cheibriados.
  1824 | D:3      | Reached skill level 4 in Invocations
  2152 | D:3      | Found an oddly glowing altar of Pakellas.
  2152 | D:3      | Noticed an orange crystal statue
  2153 | D:3      | Noticed a troll
  2163 | D:3      | Killed an orange crystal statue
  2204 | D:4      | Noticed a sky beast
  2227 | D:4      | Killed a sky beast
  2354 | D:4      | Noticed an ogre
  2559 | D:4      | Mangled by an ogre

Skill      XL: |  1  2  3  4  5 |
---------------+----------------+-----
Dodging        | 1 |  1.6
Armour         | 2 3 |  3.8
Axes           | 2 |  2.7
Invocations    | 3 4 |  4.1
Fighting       | |  3.8
Throwing       | |  0.3

Action                   |  1- 3 |  4- 6 || total
-------------------------+-------+-------++-------
Melee: Hand axe          |   126 |   145 ||   271
       Kick              |       |    22 ||    22
Throw: Tomahawk          |     5 |     2 ||     7
Invok: Depart the Abyss  |     1 |       ||     1
  Eat: Chunk             |     2 |     4 ||     6
Armor: Leather armour    |     3 |       ||     3
       Chain mail        |   102 |    99 ||   201
       Ring mail         |     1 |       ||     1
Dodge: Dodged            |    45 |    52 ||    97
